 Dungeon Crawl Stone Soup version 0.30-a0-266-g2b27a225a3 (webtiles) character file.

Game seed: 14888656711893080979

604 Ijustatesigmund the Shield-Bearer (level 7, -2/60 HPs)
             Began as a Gnoll Fighter on Oct 14, 2022.
             Succumbed to a water moccasin's poison
             ... in a sewer.
             The game lasted 00:05:25 (3166 turns).

Ijustatesigmund the Shield-Bearer (Gnoll Fighter)   Turns: 3166, Time: 00:05:25

Health: -2/60      AC:  9    Str: 18    XL:     7   Next: 42%
Magic:  4/10       EV: 10    Int:  7    God:
Gold:   1310       SH:  5    Dex: 11    Spells: 11/11 levels left

rFire   . . .      SeeInvis +    a - +0 war axe
rCold   . . .      Faith    .    c - +0 buckler
rNeg    . . .      Spirit   +    b - +0 scale mail
rPois   .          Reflect  .    i - +0 helmet
rElec   .          Harm     .    (no cloak)
rCorr   .          Rampage  .    (no gloves)
Will    +....                    (no boots)
Stlth   +.........               m - amulet of guardian spirit
HPRegen 0.30/turn                h - ring of willpower
MPRegen 0.12/turn                y - ring of see invisible

@: lethally poisoned (-2 -> -27), flying, hasted, invisible (expiring), very
quick
A: fangs 1, strong nose, distributed training
a: no special abilities


You were in a sewer.
You visited 1 branch of the dungeon, and saw 5 of its levels.
You also visited: Sewer.

You collected 1310 gold pieces.

Inventory:

Hand Weapons
 a - a +0 war axe (weapon)
Armour
 b - a +0 scale mail (worn)
 c - a +0 buckler (worn)
 i - a +0 helmet (worn)
Jewellery
 h - a ring of willpower (left hand)
 m - an amulet of guardian spirit (around neck)
 n - a ring of wizardry
 o - a ring of protection from cold
 y - a ring of see invisible (right hand)
Wands
 u - a wand of charming (8)
Scrolls
 f - 5 scrolls of identify
 p - 2 scrolls of butterflies
 v - a scroll of silence {unknown}
Potions
 d - a potion of might
 j - 2 potions of mutation
 x - a potion of attraction


   Skills:
 + Level 7.1 Fighting
 + Level 2.6 Short Blades
 + Level 2.6 Long Blades
 + Level 5.3 Axes
 + Level 2.6 Maces & Flails
 + Level 2.6 Polearms
 + Level 2.6 Staves
 + Level 2.6 Ranged Weapons
 + Level 2.6 Throwing
 + Level 7.1 Armour
 + Level 2.6 Dodging
 + Level 2.6 Stealth
 + Level 7.1 Shields
 + Level 2.6 Unarmed Combat
 + Level 2.6 Spellcasting
 + Level 2.1 Conjurations
 + Level 2.1 Hexes
 + Level 2.1 Summonings
 + Level 2.1 Necromancy
 + Level 2.1 Translocations
 + Level 2.1 Transmutations
 + Level 2.1 Fire Magic
 + Level 2.1 Ice Magic
 + Level 2.1 Air Magic
 + Level 2.1 Earth Magic
 + Level 2.1 Poison Magic
 + Level 2.9 Invocations
 + Level 2.6 Evocations


You had 11 spell levels left.
You didn't know any spells.
Your spell library contained the following spells:

 Spells                   Type           Power      Damage    Failure   Level
 Blink                    Tloc           6%         N/A       63%         2
 Ignite Poison            Fire/Tmut/Pois 3%         N/A       85%         3
 Kindle Blastsparks       Fire/Tloc/Air  6%         2d10      85%         3
 Stone Arrow              Conj/Erth      6%         3d7       85%         3
 Animate Armour           Summ/Erth      6%         N/A       99%         4
 Manifold Assault         Tloc           3%         N/A       99%         4
 Freezing Cloud           Conj/Ice/Air   1%         6-21      100%        5
 Storm Form               Tmut/Air       1%         N/A       100%        7
 Lehudib's Crystal Spear  Conj/Erth      1%         10d2      100%        8


Dungeon Overview and Level Annotations

Branches:
Dungeon (5/15)              Sewer (1/1)
 Temple: D:4-7

Altars:
Ashenzari


Innate Abilities, Weirdness & Mutations

You have very sharp teeth.
Your uncanny sense of smell can sniff out nearby items.
Your experience applies equally to all skills.


Message History

The water moccasin bites you but does no damage.
You strike the helpless water moccasin from behind!
You hit the water moccasin.
The water moccasin is moderately wounded.
You feel sick. The water moccasin closely misses you.
You block the water moccasin's attack.
You hit the water moccasin.
The water moccasin is moderately wounded.
You feel sick. The water moccasin closely misses you.
You barely miss the water moccasin.
The water moccasin is moderately wounded.
You feel sick.
The water moccasin bites you but does no damage.
You block the water moccasin's attack.
You hit the water moccasin.
The water moccasin is heavily wounded.
You feel sick.
You are no longer poisoned.
The water moccasin bites you but does no damage.
The water moccasin bites you.
* * * LOW HITPOINT WARNING * * *
You are lethally poisoned!
The water moccasin poisons you!
Okay, then.
You feel yourself speed up.
* * * LOW HITPOINT WARNING * * *
You feel very sick. The water moccasin misses you.
You barely miss the water moccasin.
The water moccasin is heavily wounded.
You flicker for a moment.
* * * LOW HITPOINT WARNING * * *
You feel very sick. The water moccasin bites you.
* * * LOW HITPOINT WARNING * * *
You are more poisoned.
The water moccasin poisons you!
You slash the water moccasin!
The water moccasin is almost dead.
You die...

######## ###....~.###
###.~..~~~...### ∆∆
###.~~..####....~##.!#
##.....### ###.@S~~#
..~..~## ##~.....#
##.~.~~# .....###
###.~~.~# ....##~?#
###..~~. ...### ∆[#
##.~....## # ######


You could see a water moccasin (unable to see you).

Vanquished Creatures
  An ice beast (D:4)
  2 ogres (D:5)
  A bullfrog (D:4)
  A hound (D:4)
  A jelly (D:4)
  3 iguanas
  Natasha (twice) (D:2)
  2 adders
  5 worms
  3 dart slugs
  2 orcs
  3 ball pythons
  2 endoplasms (D:2)
  6 giant cockroaches
  2 goblins
  8 hobgoblins
  2 jackals
  2 quokkas
  4 bats
  3 frilled lizards
  4 kobolds
  3 rats
62 creatures vanquished.

Vanquished Creatures (collateral kills)
  2 rats (D:5)
2 creatures vanquished.

Vanquished Creatures (others)
  8 plants (D:1)
  8 withered plants (D:1)
16 creatures vanquished.

Grand Total: 80 creatures vanquished

Notes
Turn   | Place    | Note
-------+----------+-------------------------------------------
     0 | D:1      | Ijustatesigmund the Gnoll Fighter began the quest for the
                  | Orb.
     0 | D:1      | Reached XP level 1. HP: 23/23 MP: 1/1
   178 | D:1      | Reached XP level 2. HP: 29/29 MP: 2/2
   304 | D:1      | Found a faded altar of an unknown god.
   883 | D:2      | Reached XP level 3. HP: 31/35 MP: 1/4
  1002 | D:2      | Reached skill level 1 in Invocations
  1135 | D:2      | Noticed Natasha
  1143 | D:2      | Killed Natasha
  1144 | D:2      | Reached skill level 1 in Short Blades
  1144 | D:2      | Reached skill level 1 in Long Blades
  1144 | D:2      | Reached skill level 1 in Maces & Flails
  1144 | D:2      | Reached skill level 1 in Polearms
  1144 | D:2      | Reached skill level 1 in Staves
  1144 | D:2      | Reached skill level 1 in Ranged Weapons
  1144 | D:2      | Reached skill level 1 in Throwing
  1144 | D:2      | Reached skill level 1 in Dodging
  1144 | D:2      | Reached skill level 1 in Stealth
  1144 | D:2      | Reached skill level 1 in Unarmed Combat
  1144 | D:2      | Reached skill level 1 in Spellcasting
  1144 | D:2      | Reached skill level 1 in Evocations
  1144 | D:2      | Reached XP level 4. HP: 37/41 MP: 3/5
  1281 | D:2      | Noticed Natasha
  1291 | D:2      | Killed Natasha
  1292 | D:2      | Reached skill level 1 in Conjurations
  1292 | D:2      | Reached skill level 1 in Hexes
  1292 | D:2      | Reached skill level 1 in Summonings
  1292 | D:2      | Reached skill level 1 in Necromancy
  1292 | D:2      | Reached skill level 1 in Translocations
  1292 | D:2      | Reached skill level 1 in Transmutations
  1292 | D:2      | Reached skill level 1 in Fire Magic
  1292 | D:2      | Reached skill level 1 in Ice Magic
  1292 | D:2      | Reached skill level 1 in Air Magic
  1292 | D:2      | Reached skill level 1 in Earth Magic
  1292 | D:2      | Reached skill level 1 in Poison Magic
  1613 | D:3      | Reached XP level 5. HP: 47/47 MP: 7/7
  2051 | D:4      | Reached XP level 6. HP: 34/53 MP: 4/8
  2247 | D:4      | Noticed an ice beast
  2260 | D:4      | Killed an ice beast
  2261 | D:4      | Reached skill level 5 in Axes
  2527 | D:4      | Found a broken altar of Ashenzari.
  2995 | D:5      | Entered Level 5 of the Dungeon
  3002 | D:5      | Reached XP level 7. HP: 60/60 MP: 10/10
  3009 | D:5      | Identified a scroll of acquirement
  3009 | D:5      | Acquired 1113 gold pieces
  3077 | D:5      | Found a glowing drain.
  3089 | Sewer    | Entered a sewer
  3165 | Sewer    | HP: 3/60 [poisoned by a water moccasin]
  3166 | Sewer    | Succumbed to a water moccasin's poison

Illustrated notes

Levels and vault maps discovered:
D:1:      amcnicky_arrival_abandoned_market, layout_loops_ring,
          shapermc_ecumenical_altar_flowoftime, minmay_unequal
D:2:      layout_rooms, minmay_pentomino_w2, uniq_natasha
D:3:      layout_rooms
D:4:      layout_loops_corners, old_standard_altar, lemuel_flame_loot_1
D:5:      layout_rooms, mainiacjoe_overflow_paths, fedhas_altar_4,
          nicolae_ossuary_entry_giza, portal_sewer_entry_a,
          hangedman_glass_teeth, uniq_duvessa
Sewer:    sewer_the_moccasin

Skill      XL: |  1  2  3  4  5  6  7 |
---------------+----------------------+-----
Invocations    | 1 2 |  2.9
Short Blades   | 1 2 |  2.6
Long Blades    | 1 2 |  2.6
Maces & Flails | 1 2 |  2.6
Polearms       | 1 2 |  2.6
Staves         | 1 2 |  2.6
Ranged Weapons | 1 2 |  2.6
Throwing       | 1 2 |  2.6
Dodging        | 1 2 |  2.6
Stealth        | 1 2 |  2.6
Unarmed Combat | 1 2 |  2.6
Spellcasting   | 1 2 |  2.6
Evocations     | 1 2 |  2.6
Conjurations   | 1 2 |  2.1
Hexes          | 1 2 |  2.1
Summonings     | 1 2 |  2.1
Necromancy     | 1 2 |  2.1
Translocations | 1 2 |  2.1
Transmutations | 1 2 |  2.1
Fire Magic     | 1 2 |  2.1
Ice Magic      | 1 2 |  2.1
Air Magic      | 1 2 |  2.1
Earth Magic    | 1 2 |  2.1
Poison Magic   | 1 2 |  2.1
Axes           | 5 |  5.3
Fighting       | 7 |  7.1
Armour         | 7 |  7.1
Shields        | 7 |  7.1

Action                   |  1- 3 |  4- 6 |  7- 9 || total
-------------------------+-------+-------+-------++-------
Melee: War axe           |    90 |    98 |    50 ||   238
       Bite              |     6 |    15 |     7 ||    28
  Use: Scroll            |       |       |    12 ||    12
       Potion            |       |       |     4 ||     4
 Stab: Invisible         |       |       |     1 ||     1
Armor: Scale mail        |    33 |    36 |    17 ||    86
Dodge: Dodged            |    26 |    34 |    30 ||    90
Block: Buckler           |    15 |    23 |    15 ||    53

Table legend: (Time is in decaauts)
 A = Elapsed time spent in this place.
 B = Non-inter-level travel time spent in this place.
 C = Inter-level travel time spent in this place.
 D = Time resting spent in this place.
 E = Time spent auto-exploring this place.
 F = Levels seen in this place.
 G = Mean time per level.
                   A        B        C        D        E       F      G
               +--------+--------+--------+--------+--------+-----+--------+
         Total |   3240 |   3070 |    170 |      0 |   2459 |   6 |  540.0 |
       Dungeon |   3151 |   2981 |    170 |      0 |   2413 |   5 |  630.2 |
         Sewer |     88 |     88 |      0 |      0 |     46 |   1 |   88.0 |
               +--------+--------+--------+--------+--------+-----+--------+

Top non-repeatable levels by time:
     D:4: 1086 daAuts
     D:1: 759 daAuts
     D:2: 696 daAuts
     D:3: 506 daAuts
     D:5: 103 daAuts
   Sewer: 88 daAuts
